 Dungeon Crawl Stone Soup version 0.27-a0-773-gaaee5cf45b (webtiles) character file.

Game seed: 4110549821734395196

317 rageheart7 the Slasher (level 6, 0/52 HPs)
             Began as a Barachi Fighter on Mar 25, 2021.
             Slain by a sky beast (6 damage)
             ... on level 4 of the Dungeon.
             The game lasted 00:04:42 (4610 turns).

rageheart7 the Slasher (Barachi Fighter)            Turns: 4610, Time: 00:04:43

Health: 0/52       AC:  9    Str: 20    XL:     6   Next: 45%
Magic:  6/6        EV:  9    Int:  8    God:
Gold:   135        SH:  0    Dex: 11    Spells: 5/5 levels left

rFire    . . .     SeeInvis .   a - +0 long sword
rCold    . . .     Faith    .   (no shield)
rNeg     . . .     Spirit   .   b - +0 scale mail
rPois    .         Reflect  .   d - +0 helmet
rElec    .         Harm     .   f - +0 cloak
rCorr    .         Rampage  .   (no gloves)
Will     .....                  (no boots)
Stlth    ..........             e - amulet of magic regeneration
HPRegen  0.17/turn              (no ring)
MPRegen  0.35/turn              (no ring)

@: slow
A: +LOS, amphibious, slowness 1, strong legs 1
a: Hop


You were on level 4 of the Dungeon.
You visited 1 branch of the dungeon, and saw 4 of its levels.

You collected 135 gold pieces.

Inventory:

Hand Weapons
 a - a +0 long sword (weapon)
Armour
 b - a +0 scale mail (worn)
 c - a +0 kite shield
 d - a +0 helmet (worn)
 f - a +0 cloak (worn)
Jewellery
 e - an amulet of magic regeneration (around neck)
Scrolls
 g - a scroll of identify


   Skills:
 * Level 5.9 Fighting
 * Level 6.4 Long Blades
 - Level 3.6 Armour
 - Level 3.2 Shields


You had 5 spell levels left.
You didn't know any spells.
Your spell library contained the following spells:

 Spells                   Type           Power      Damage    Failure   Level
 Animate Skeleton         Necr           0%         N/A       77%         1
 Apportation              Tloc           0%         N/A       77%         1
 Corona                   Hex            0%         N/A       77%         1
 Sting                    Tmut/Pois      0%         1d3       77%         1
 Summon Small Mammal      Summ           0%         N/A       77%         1


Dungeon Overview and Level Annotations

Branches:
Dungeon (4/15)
 Temple: D:4-7

Altars:
Kikubaaqudgha
Sif Muna
Vehumet


Innate Abilities, Weirdness & Mutations

You can be seen from farther away. (+LOS)
You are amphibious.
You cover ground slowly.
You can hop short distances.


Message History

You hit the sky beast but do no damage.
The sky beast is severely wounded.
You hit the sky beast but do no damage.
The sky beast is severely wounded.
The sky beast flickers out of sight!
Deactivating autopickup; reactivate with Ctrl-A.
Something hits you but does no damage.
You closely miss something.
Something hits you but does no damage. x2
There is a strange disturbance nearby!
You miss something. Something hits you but does no damage.
You miss something.
A sky beast appears from thin air!
Reactivating autopickup.
The sky beast hits you but does no damage.
You closely miss the sky beast.
The sky beast is severely wounded.
The sky beast closely misses you.
You miss the sky beast.
The sky beast is severely wounded.
The sky beast hits you but does no damage.
You miss the sky beast.
The sky beast is severely wounded.
The sky beast closely misses you.
You riposte.
You closely miss the sky beast.
The sky beast is severely wounded.
You barely miss the sky beast.
The sky beast is severely wounded.
The sky beast barely misses you.
You miss the sky beast.
The sky beast is severely wounded.
The sky beast flickers out of sight!
Deactivating autopickup; reactivate with Ctrl-A.
Something hits you.
* * * LOW HITPOINT WARNING * * *
Something shocks you.
* * * LOW HITPOINT WARNING * * *
You closely miss something. Something hits you but does no damage.
You closely miss something. Something hits you but does no damage.
Something hits you.
* * * LOW HITPOINT WARNING * * *
Something shocks you.
You die...

#.......#
#####...##
#.##.##.#
##.##
#.##.##.#
#.#
###.##.##.#
#.#
...##.##.#
#.#
#.##.##.#
#.#
#.......#
#.#
####.##.####
#.#
#....≈.@#
#.###
#.##.####
#.... ..
##### ..# ##


There were no monsters in sight!

Vanquished Creatures
  A bullfrog zombie (D:4)
  A jelly (D:2)
  A gnoll shaman (D:4)
  An iguana (D:3)
  Robin (D:4)
  3 adders
  8 gnolls
  2 worms (D:2)
  2 dart slugs
  2 orcs
  5 endoplasms
  3 giant cockroaches
  12 goblins
  7 hobgoblins
  9 jackals
  A quokka (D:1)
  4 ball pythons
  4 bats
  2 frilled lizards
  6 kobolds
  3 rats
78 creatures vanquished.

Notes
Turn   | Place    | Note
-------+----------+-------------------------------------------
     0 | D:1      | rageheart7 the Barachi Fighter began the quest for the Orb.
     0 | D:1      | Reached XP level 1. HP: 18/18 MP: 1/1
    60 | D:1      | Reached XP level 2. HP: 21/25 MP: 2/2
   364 | D:1      | Reached skill level 3 in Long Blades
   782 | D:1      | Reached XP level 3. HP: 31/31 MP: 3/3
  1202 | D:2      | HP: 1/31 [poisoned by a gnoll]
  1209 | D:2      | Reached skill level 4 in Long Blades
  1209 | D:2      | Reached XP level 4. HP: 12/38 MP: 4/4
  1511 | D:2      | Reached skill level 5 in Fighting
  1725 | D:2      | Found a radiant altar of Vehumet.
  1919 | D:2      | Found an ancient bone altar of Kikubaaqudgha.
  1922 | D:2      | Found a shimmering blue altar of Sif Muna.
  1926 | D:2      | Identified Sif Muna's Handbook of Transmigration
  1950 | D:2      | Reached XP level 5. HP: 40/44 MP: 5/5
  2504 | D:3      | Reached skill level 5 in Long Blades
  3799 | D:4      | Noticed Robin
  3995 | D:4      | Killed Robin
  4081 | D:4      | Reached XP level 6. HP: 44/51 MP: 6/6
  4314 | D:4      | Reached skill level 6 in Long Blades
  4576 | D:4      | Noticed a sky beast
  4610 | D:4      | Slain by a sky beast

Illustrated notes

Levels and vault maps discovered:
D:1:      wander_arrival_lonely_grave, layout_rooms, minmay_splitting_lines,
          minmay_pentomino_o4
D:2:      layout_rooms, grunt_temple_overflow_magic_moments, serial_rivers,
          chequers_serial_rivers_marsh, chequers_serial_rivers_small_b,
          chequers_serial_rivers_small_b, chequers_serial_rivers_large_a,
          chequers_serial_rivers_micro_e, chequers_serial_rivers_micro_a,
          chequers_serial_rivers_marsh
D:3:      layout_loops_corners, kennysheep_decorative_pillar,
          lightli_corner_chamber
D:4:      layout_loops_corners, uniq_natasha, uniq_robin

Skill      XL: |  1  2  3  4  5  6 |
---------------+-------------------+-----
Fighting       | 4 5 |  5.9
Long Blades    | 3 4 5 6 |  6.4
Armour         | |  3.6
Shields        | |  3.2

Action                   |  1- 3 |  4- 6 || total
-------------------------+-------+-------++-------
Melee: Long sword        |    76 |   227 ||   303
 Abil: Hop               |       |     1 ||     1
  Use: Potion            |     2 |     3 ||     5
       Scroll            |     1 |     2 ||     3
Armor: Scale mail        |    33 |   118 ||   151
Dodge: Dodged            |    47 |   104 ||   151
       Rpst.: Long sword |    15 |    25 ||    40

Table legend: (Time is in decaauts)
 A = Elapsed time spent in this place.
 B = Non-inter-level travel time spent in this place.
 C = Inter-level travel time spent in this place.
 D = Time resting spent in this place.
 E = Time spent auto-exploring this place.
 F = Levels seen in this place.
 G = Mean time per level.
                   A        B        C        D        E       F      G
               +--------+--------+--------+--------+--------+-----+--------+
         Total |   5061 |   4997 |     64 |   1441 |   2918 |   4 | 1265.2 |
       Dungeon |   5061 |   4997 |     64 |   1441 |   2918 |   4 | 1265.2 |
               +--------+--------+--------+--------+--------+-----+--------+

Top non-repeatable levels by time:
     D:3: 1741 daAuts
     D:1: 1291 daAuts
     D:2: 1289 daAuts
     D:4: 738 daAuts
